AoeStats
← yanyang

Arabia

510764202Analyzed
2v2 RM · 1d ago on Oct 2, 2026· 13m 7s· 4 players
Game mode
Random Map
Map size
Medium (4 player)
Population
200
Speed
Normal
Resources
Standard
Victory
Conquest
Starting age
Dark Age
Ending age
Imperial Age
RankedLock teamsTeams togetherTeam positionsShared explorationLock speedFull tech treeHidden civsTurbo modeCheats
Victory
Defeat
🇦🇺 Romans · Australia
1204
+14
🇹🇷 Maya · Türkiye
1190
+14
🇨🇳 Italians · China
1161
-14
🇨🇳 Poles · China
1155
-14
yanyang
2:22 Loom
5:45 Loom
9:06 Feudal Age
13:25 Double-Bit Axe
yuyuyu
10:10 Loom
11:56 Feudal Age
Milkus Dilkus
0:26 Loom
10:57 Feudal Age
12:46 Double-Bit Axe
Arfah
6:25 Loom
9:26 Feudal Age
9:47 Man-at-Arms
11:10 Scale Mail Armor
Connection lost

Rejoining the realm…

Still unreachable

The connection could not be restored.

Session expired

The server has moved on; the page needs a fresh start.